 Dungeon Crawl Stone Soup version 0.28.0 (webtiles) character file.

Game seed: 12238376146676232326

41 danielguo94 the Shield-Bearer (level 3, -1/23 HPs)
             Began as a Gargoyle Fighter on Feb 8, 2022.
             Slain by Edmund (2 damage)
             ... on level 5 of the Dungeon.
             The game lasted 00:01:21 (1359 turns).

danielguo94 the Shield-Bearer (Gargoyle Fighter)    Turns: 1359, Time: 00:01:22

Health: -1/23      AC: 12    Str: 21    XL:     3   Next: 52%
Magic:  3/3        EV:  9    Int:  8    God:
Gold:   156        SH:  4    Dex:  9    Spells: 2/2 levels left

rFire   . . .      SeeInvis .   a - +0 flail
rCold   . . .      Faith    .   c - +0 buckler
rNeg    + . .      Spirit   .   b - +0 scale mail
rPois   ∞          Reflect  .   q - +0 helmet
rElec   +          Harm     .   (no cloak)
rCorr   .          Rampage  .   (no gloves)
Will    .....                   m - +0 pair of boots
Stlth   ..........              (no amulet)
HPRegen 0.07/turn               (no ring)
MPRegen 0.08/turn               (no ring)

@: mighty
A: sickness immunity, AC +3, negative energy resistance 1, electricity
resistance, torment resistance 1, petrification resistance
a: no special abilities


You were on level 5 of the Dungeon.
You visited 1 branch of the dungeon, and saw 5 of its levels.

You collected 156 gold pieces.

Inventory:

Hand Weapons
 a - a +0 flail (weapon)
Missiles
 h - 45 stones (quivered)
 i - 3 javelins
 r - 2 boomerangs
Armour
 b - a +0 scale mail (worn)
 c - a +0 buckler (worn)
 m - a +0 pair of boots (worn)
 q - a +0 helmet (worn)
Jewellery
 j - a ring of ice
Scrolls
 g - a scroll of acquirement {unknown}
 l - a scroll of fog {unknown}
 o - a scroll of summoning {unknown}
Potions
 e - 3 potions of attraction {unknown}
 f - 2 potions of lignification {unknown}
 k - a potion of flight {unknown}
 n - a potion of curing {unknown}
 p - 4 potions of mutation {unknown}


   Skills:
 + Level 3.6 Fighting
 * Level 2.7 Maces & Flails
 + Level 3.6 Armour
 + Level 0.1 Dodging
 + Level 3.7 Shields


You had 2 spell levels left.
You didn't know any spells.
Your spell library contained the following spells:

 Spells                   Type           Power      Damage    Failure   Level
 Beastly Appendage        Tmut           0%         N/A       83%         1
 Summon Small Mammal      Summ           0%         N/A       83%         1
 Wereblood                Tmut           0%         N/A       93%         2
 Call Canine Familiar     Summ           0%         N/A       99%         3
 Spider Form              Tmut/Pois      0%         N/A       99%         3
 Summon Guardian Golem    Hex/Summ       0%         N/A       99%         3


Dungeon Overview and Level Annotations

Branches:
Dungeon (6/15)
 Temple: D:4-7

Altars:

Annotations:
D:5 Edmund


Innate Abilities, Weirdness & Mutations

You are immune to sickness and miasma.
Your stone body is resilient. (AC +3)
You are immune to poison.
You resist negative energy. (rN+)
You are resistant to electric shocks. (rElec)
You are resistant to unholy torment.
You are immune to petrification.


Message History

HP restored.
You climb upwards.
You hear the hiss of flowing sand.
There is an entrance to an ossuary on this level.
Hurry and find it before the portal is buried!
There is a stone staircase leading down here.
Unknown command.
Okay, then.
Unknown command.
Found 20 arrows.
Edmund the Younger comes into view.
He is wielding a +3 flail of holy wrath.
Okay, then.
Unknown command.
You feel very mighty all of a sudden.
You hit Edmund.
Edmund is lightly wounded.
Edmund says, "People think my brother is the best.
I think he's crazy."
Edmund hits you but does no damage.
Edmund says, "People will remember me!
They'll remember me and die!"
You block Edmund's attack.
You barely miss Edmund.
Edmund is lightly wounded.
Edmund hits you with a +3 flail of holy wrath.
You closely miss Edmund.
Edmund is lightly wounded.
Edmund completely misses you.
You barely miss Edmund.
Edmund is lightly wounded.
Edmund barely misses you.
Edmund hits you with a +3 flail of holy wrath!
You hit Edmund.
Edmund is moderately wounded.
Edmund hits you with a +3 flail of holy wrath!
* * * LOW HITPOINT WARNING * * *
You barely miss Edmund.
Edmund is moderately wounded.
Edmund hits you with a +3 flail of holy wrath.
* * * LOW HITPOINT WARNING * * *
Edmund says, "I'm quite good with sums, too."
Edmund hits you with a +3 flail of holy wrath.
You die...

### ##### #..
....# #.# ....#
#.###....##
#.##... ..
####.##.##.####
##....@@........
#.......>.......
###.........###.
#.#..#.####
#.#..#.#
###..#.# #..#.#
#..#.# #(.#.#


You could see Edmund.

Vanquished Creatures
  An adder (D:6)
  An orc (D:3)
  4 endoplasms (D:2)
  3 goblins
  3 hobgoblins
  4 kobolds
  A quokka (D:1)
  5 ball pythons
  4 bats
  A frilled lizard (D:1)
  A rat (D:3)
28 creatures vanquished.

Notes
Turn   | Place    | Note
-------+----------+-------------------------------------------
     0 | D:1      | danielguo94 the Gargoyle Fighter began the quest for the
                  | Orb.
     0 | D:1      | Reached XP level 1. HP: 14/14 MP: 1/1
   225 | D:1      | Reached XP level 2. HP: 15/19 MP: 2/2
   919 | D:2      | Reached XP level 3. HP: 23/23 MP: 3/3
  1290 | D:3      | You fall into a shaft and drop 3 floors!
  1345 | D:5      | Entered Level 5 of the Dungeon
  1348 | D:5      | Noticed Edmund
  1359 | D:5      | HP: 1/23 [Edmund (3)]
  1359 | D:5      | Slain by Edmund

Illustrated notes

Levels and vault maps discovered:
D:1:      lightli_arrival_maybe_door_vault, layout_rooms
D:2:      layout_rooms, minivault_5, ebering_dispersal_statue_hall
D:3:      layout_loops_ring, xom_confusion_cloud
D:5:      layout_basic, nemelex_diamond_rough_becter,
          nicolae_ossuary_entry_catacombs, nrook_pool_corridor, uniq_edmund,
          uniq_sigmund, uniq_ijyb, uniq_crazy_yiuf_cottage
D:6:      layout_gridville, grunt_gozag_statues,
          minmay_temple_entry_drinking_statues, grunt_ministairs_13,
          minmay_misc_feat_roman, uniq_blork_the_orc

Action                   || total
-------------------------++-------
Melee: Flail             ||    81
  Use: Potion            ||     1
Armor: Scale mail        ||    44
Dodge: Dodged            ||    39
Block: Buckler           ||    17
